 Dungeon Crawl Stone Soup version 0.31-a0-188-g5e087ee2ca (webtiles) character file.

Game seed: 9357990898762153455

52 qw the Shooter (level 3, -4/20 HPs)
             Began as a Deep Elf Hunter on June 23, 2023.
             Slain by Terence
             ... wielding a +5 falchion of holy wrath
              (8 damage)
             ... on level 2 of the Dungeon.
             The game lasted 00:00:19 (938 turns).

qw the Shooter (Deep Elf Hunter)                     Turns: 938, Time: 00:00:19

Health: -4/20      AC:  3    Str: 10    XL:     3   Next: 60%
Magic:  5/5        EV: 12    Int: 13    God:
Gold:   151        SH:  0    Dex: 18    Spells: 2/2 levels left

rFire   . . .        Y - +0 arbalest
rCold   . . .        (shield currently unavailable)
rNeg    . . .        c - +0 leather armour
rPois   .            (no helmet)
rElec   .            (no cloak)
rCorr   .            (no gloves)
SInv    .            (no boots)
Will    .....        (no amulet)
Stlth   ++           (no ring)
HPRegen 0.23/turn    (no ring)
MPRegen 0.09/turn

%: no passive effects
@: no status effects
A: no striking features
a: no special abilities


You were on level 2 of the Dungeon.
You visited 1 branch of the dungeon, and saw 2 of its levels.

You collected 151 gold pieces.


   Skills:
 - Level 1.5 Fighting
 + Level 7.1 Ranged Weapons
 - Level 2.4 Dodging
 - Level 1.2 Stealth


You had 2 spell levels left.
You didn't know any spells.
Your spell library was empty.

Inventory:

Hand Weapons
 Y - a +0 arbalest (weapon)
Armour
 c - a +0 leather armour (worn)
Jewellery
 g - an amulet of the acrobat
Scrolls
 a - a scroll of identify {unknown}
Potions
 b - 2 potions of cancellation {unknown}
 d - a potion of curing {unknown}
 e - a potion of ambrosia {unknown}
 f - a potion of haste {unknown}
 h - a potion of enlightenment {unknown}
 i - a potion of degeneration {unknown}

Dungeon Overview and Level Annotations

Branches:
Dungeon (2/15)

Altars:

Annotations:
D:2 Terence


Message History

g - an amulet of the acrobat;
h - a fuming cyan potion
Enter note:
Enter note: You see here a hobgoblin corpse.
A hobgoblin comes into view.
Enter note:
Enter note: You shoot a bolt.
The hobgoblin shouts!
The bolt hits the hobgoblin!
You kill the hobgoblin!
i - a silvery potion You now have 151 gold pieces (gained 23).
You see here a hobgoblin corpse.
Enter note:
Enter note:
Found a stone staircase leading down.
Enter note:
Enter note: Terence and a hobgoblin come into view.
Terence is wielding a +5 falchion of holy wrath.
Found 5 gold pieces.
The hobgoblin shouts!
Enter note:
Enter note: You shoot a bolt.
The bolt barely misses Terence.
Terence shouts!
You shoot a bolt. The bolt barely misses Terence.
You shoot a bolt. The bolt barely misses Terence.
Terence misses you. Terence barely misses you.
You shoot a bolt. The bolt closely misses Terence.
Terence misses you. The hobgoblin closely misses you.
You shoot a bolt. The bolt hits Terence.
Terence is moderately wounded.
Terence misses you. The hobgoblin hits you. x2
Terence hits you with a +5 falchion of holy wrath!
You shoot a bolt. The bolt hits Terence.
Terence is moderately wounded.
Terence hits you with a +5 falchion of holy wrath!
You die...

###### ##...#.
.. #...... .#
....... .#
...>... .# # #.
...$..@##### .#
#.#.
#.....g@...##.#
### ..
.......###.##.#
#.. # $......
#....## #.# #
..$....
###...###.# #
#.....#
##.#...#.#
##...#
#..###...#####
####
#.####.......#
##.###..#####.#
######..##..##
#..


You could see Terence and a hobgoblin.

Vanquished Creatures
  2 adders (D:2)
  2 dart slugs
  A ball python (D:1)
  2 endoplasms (D:1)
  2 giant cockroaches (D:1)
  2 goblins (D:1)
  4 hobgoblins
  2 kobolds
  2 quokkas
  5 bats
  2 frilled lizards (D:1)
  A rat (D:1)
27 creatures vanquished.

Notes
Turn   | Place    | Note
-------+----------+-------------------------------------------
     0 | D:1      | qw the Deep Elf Hunter began the quest for the Orb.
     0 | D:1      | Reached XP level 1. HP: 12/12 MP: 3/3
     0 | D:1      | 0 ||| qw: Version: 0.3-a-9-g12657ce
     0 | D:1      | 0 ||| qw: Game counter: 3574
     0 | D:1      | 0 ||| qw: Always use a shield: true
     0 | D:1      | 0 ||| qw: God list: Okawaru
     0 | D:1      | 0 ||| qw: Allow faded altars: false
     0 | D:1      | 0 ||| qw: Do Orc after D:15 true
     0 | D:1      | 0 ||| qw: Do second Lair branch before Depths: true
     0 | D:1      | 0 ||| qw: Lair rune preference: random
     0 | D:1      | 0 ||| qw: Plans: Normal
     0 | D:1      | 0 ||| PLANNING D:1-11
    71 | D:1      | 71 ||| SWAPPING to +0 arbalest.
    73 | D:1      | 73 ||| DROPPING +0 shortbow.
   151 | D:1      | Reached XP level 2. HP: 16/16 MP: 4/4
   157 | D:1      | Reached skill level 6 in Ranged Weapons
   379 | D:1      | 379 ||| FLEEEEING.
   380 | D:1      | 380 ||| FLEEEEING.
   711 | D:1      | 711 ||| READING scroll labelled TAUNKIS WIBIF.
   712 | D:1      | 712 ||| READING scroll labelled BITIUHINYA.
   715 | D:1      | 715 ||| READING scroll labelled GAMUUZXAHUO.
   716 | D:1      | 716 ||| DROPPING scroll of butterflies.
   780 | D:2      | Reached XP level 3. HP: 20/20 MP: 5/5
   851 | D:2      | Reached skill level 7 in Ranged Weapons
   932 | D:2      | Noticed Terence
   937 | D:2      | HP: 4/20 [Terence/+5 falchion of holy wrath (8)]
   938 | D:2      | Slain by Terence

Levels and vault maps discovered:
D:1:      ncdulo_halloftheorcs, layout_basic
D:2:      layout_rooms, minmay_cut_off, uniq_terence, uniq_sigmund

Skill      XL: |  1  2  3 |
---------------+----------+-----
Ranged Weapons | 6 7 |  7.1
Fighting       | |  1.5
Dodging        | |  2.4
Stealth        | |  1.2

Action                     || total
---------------------------++-------
   Fire: Arbalest          ||    60
         Shortbow          ||     1
    Use: Scroll            ||     3
 Armour: Leather armour    ||     5
  Dodge: Dodged            ||    25

Table legend:
 A = Non-vault XP
 B = Vault XP
 C = Vault XP percentage of total XP
 D = Non-vault monster count
 E = Vault monster count
 F = Vault count percentage of total count
                 A         B        C        D         E       F
            +---------+---------+-------+---------+---------+-------
      Total |      71 |       4 |   5.3 |      26 |       1 |   3.7
            +---------+---------+-------+---------+---------+-------
        D:1 |      33 |       0 |   0.0 |      18 |       0 |   0.0
        D:2 |      38 |       4 |   9.5 |       8 |       1 |  11.1
            +---------+---------+-------+---------+---------+-------
